[Event "39th Muensterland Open 2022"]
[Site "Muenster"]
[Date "2022.10.03"]
[Round "4.1"]
[White "Garbuz, Vitaliy"]
[Black "Koellner, Ruben Gideon"]
[Result "0-1"]
[ECO "C41"]
[WhiteElo "2142"]
[BlackElo "2401"]
[Annotator "TA"]
[PlyCount "76"]
[EventDate "2022.10.01"]
[EventType "swiss"]
[EventCountry "GER"]
[SourceTitle "playchess.com"]
[Source "ChessBase"]
[SourceQuality "1"]
[TimeControl "40/5400+30:1800+30"]

1. e4 d6 2. d4 Nf6 3. Nc3 e5 4. Nf3 Nbd7 5. Bc4 Be7 6. O-O c6 7. a4 h6 $1 {[%emt 0:00:47][%mdl 4] outshines the older 7...0-0.} 8. Re1 {[%emt 0:00:29] C41: Philidor Defence.} Qc7 9. a5 Nf8 10. h3 {[%emt 0:00:12] White is slightly better.} g5 (10... Ng6 $14) 11. Nh2 Ng6 12. Be3 Rg8 {[%emt 0:03:33] [#]} 13. Kh1 $146 ({Predecessor:} 13. Ng4 Bxg4 14. hxg4 Qc8 15. f3 h5 16. gxh5 Nxh5 17. g4 Nhf4 18. Kf2 Rh8 19. Rh1 {½-½ (37) Torrecillas Martinez,A (2387)-Canal Oliveras,J (2232) Barcelona 2015}) 13... Bd7 14. Qd3 Nh5 15. Ng4 (15. Ne2 $16) 15... Bxg4 16. hxg4 Nf6 17. f3 (17. d5 $14) 17... h5 $15 18. Bxg5 (18. gxh5 $15 Nxh5 19. Bb3) 18... hxg4 $17 19. Ne2 {[%emt 0:03:55] [#]} (19. Bb3 $17) 19... Nxe4 $1 $19 20. fxe4 {[%emt 0:05:39] Strongly threatening Bxe7.} Bxg5 21. Rf1 Rh8+ 22. Kg1 f6 ({Weaker is} 22... d5 23. exd5 exd4 24. d6 Qxd6 25. Bxf7+ Kd8 26. Nxd4 (26. Qxd4 $2 Qxd4+ 27. Nxd4 Be3+ 28. Rf2 g3 $19) 26... Qh2+ 27. Kf2 $11) 23. Be6 Qh7 {[%emt 0:24:12] Hoping for ...Qh2+.} 24. Qg3 {[%emt 0:09:22] Against Qh2+} Nf4 25. Nxf4 Bxf4 26. Rxf4 exf4 27. Qxf4 Ke7 28. Bxg4 Rag8 {[%emt 0:01:35] Dancing on a razor blade.} 29. Qf5 Qh1+ ({Black should play} 29... Qxf5 $1 $17 30. Bxf5 Rg3) 30. Kf2 $11 {[%emt 0:00:04] White threatens Qe6+ and mate.} Qh4+ $1 (30... Qxa1 $2 31. Qe6+ Kf8 32. Qxf6+ Ke8 33. Qe6+ Kf8 34. Qxd6+ Kf7 35. Be6+ Kg6 36. Bxg8+ Kg7 37. Qg3+ Kf8 38. Be6 $18) 31. Kf3 {[%emt 0:00:10] And now Qe6+ would win.} Rh6 $2 (31... Rd8 $11 {and Black is okay.}) 32. Qe6+ Kf8 {[%emt 0:00:05][%cal Of6f5,Be7f8,Bf8g7,Bg7h8][%mdl 32] ...f5! is the strong threat.} 33. Qxd6+ Kg7 {[%emt 0:00:28][%cal Oh4g4] [#]} 34. Qe7+ $2 ({But not} 34. g3 $2 {[#]} Qxg4+ $3 35. Kxg4 f5+ 36. exf5 Rxd6 $19) (34. Be6 $1 $16 {stays on course. Black must now prevent a6.} Qh5+ 35. Ke3 Qg5+ 36. Kd3 Qxg2 37. Kc3) 34... Kh8 $17 35. Bf5 {[%emt 0:01:46][%mdl 8192] Now White is beyond hope.} (35. Bh3 $17) 35... Qg3+ {[%emt 0:00:57][%mdl 64] Deflection, Double Attack. Black mates.} 36. Ke2 Qxg2+ 37. Kd3 Rg3+ 38. Kc4 Qxc2+ {[%emt 0:00:05] Weighted Error Value: White=0.48/Black=0.25 (precise)} 0-1

[Event "39th Muensterland Open 2022"]
[Site "Muenster"]
[Date "2022.10.03"]
[Round "4.2"]
[White "Pfreundt, Jakob"]
[Black "Torres-Kuckel, Rafael"]
[Result "1-0"]
[ECO "A57"]
[WhiteElo "2401"]
[BlackElo "2096"]
[Annotator "TA"]
[PlyCount "89"]
[EventDate "2022.10.01"]
[EventType "swiss"]
[EventCountry "GER"]
[SourceTitle "playchess.com"]
[Source "ChessBase"]
[SourceQuality "1"]
[TimeControl "40/5400+30:1800+30"]

1. c4 Nf6 2. Nc3 g6 3. d4 Bg7 4. e4 d6 5. Be2 c5 6. d5 b5 7. cxb5 a6 8. Nf3 O-O 9. a4 Nbd7 10. O-O axb5 11. Bxb5 Ba6 12. Bf4 Ne8 {[%emt 0:07:31] [#] A57: Benko/Volga Gambit.} (12... Bxb5 $142 13. axb5 Rxa1 14. Qxa1 Qc7) 13. Qd2 $1 $16 Nc7 14. Bh6 Rb8 {[%emt 0:01:58][%cal Rc7b5] White is clearly better.} 15. Bxg7 Kxg7 {[%emt 0:00:06] [#]} 16. Bxa6 $146 {[%emt 0:12:22] White is much more active.} ({Predecessor:} 16. Qe2 Bxb5 17. axb5 f6 18. Nd2 Rb7 19. Nc4 Nxb5 20. Nxb5 Rxb5 21. Nxd6 Rb4 22. Nc4 {½-½ (52) Nigametzianov,M (2400)-Konev,K (2266) Kemerovo 2008}) 16... Nxa6 17. Nb5 Qb6 18. Rfb1 Rfc8 19. h4 (19. b3 $142) 19... Nf6 ({Black should play} 19... Nc7) 20. e5 dxe5 21. Nxe5 Nb4 22. Nc4 Qa6 23. d6 Rd8 24. Rd1 (24. b3 $16) 24... exd6 $1 $14 25. Ncxd6 Nbd5 $1 26. Nc4 (26. h5 $5 ) 26... Qe6 (26... Ne3 $11 27. Qxe3 Rxd1+ 28. Rxd1 Qxa4) 27. b3 h6 28. Qe1 Qg4 29. f3 Qh5 (29... Qf4 $16 30. Qf2 Rd7) 30. Qg3 Ne7 (30... Qf5 $142 31. Rd2 Nh5) 31. Ncd6 (31. Rxd8 $18 {is more deadly.} Rxd8 32. a5) 31... Nf5 $16 32. Nxf5+ (32. Qh2 $18) 32... Qxf5 33. Nd6 (33. Qe1 $16) 33... Qe6 $11 34. Rd3 {[%emt 0:05:16] Re1 is the strong threat.} Nh5 35. Qh2 Kh7 {[%emt 0:00:30] [#] White must now prevent ...Rb4.} 36. g4 $132 {[%emt 0:01:07][%mdl 2048] White puts up resistance} Qf6 37. Rad1 Ng7 (37... c4 $11 38. bxc4 (38. Nxc4 Rxd3 39. Rxd3 Nf4 $11) 38... Rb2) 38. Ne4 $18 Qb6 39. Rxd8 Rxd8 40. Rxd8 {[%emt 0:00:06][%cal Oh2c7] Threatening mate with Qc7!} c4+ 41. Kg2 {[%emt 0:04:08][%cal Oh2c7] Qc7! would kill now.} Qxd8 42. bxc4 f5 $2 (42... Ne6 43. Qd6 Qa5) 43. Qd6 Qa8 44. Nf6+ Kh8 45. g5 {[%emt 0:04:04] Weighted Error Value: White=0.39/Black=0.52} 1-0

[Event "39th Muensterland Open 2022"]
[Site "Muenster"]
[Date "2022.10.03"]
[Round "4.3"]
[White "Schliebener, Stephan"]
[Black "Scholz, Christian"]
[Result "0-1"]
[ECO "E61"]
[WhiteElo "2119"]
[BlackElo "2338"]
[Annotator "TA"]
[PlyCount "62"]
[EventDate "2022.10.01"]
[EventType "swiss"]
[EventCountry "GER"]
[SourceTitle "playchess.com"]
[Source "ChessBase"]
[SourceQuality "1"]
[TimeControl "40/5400+30:1800+30"]

1. c4 Nf6 2. Nf3 g6 3. Nc3 Bg7 4. d4 d6 5. Bf4 O-O 6. e3 c5 7. d5 {[%emt 0:00:55] E61: King's Indian: Early deviations for White, including Smyslov System.} a6 8. a4 Qa5 9. Nd2 {[%emt 0:00:51] Against Ne4. White is slightly better.} Re8 10. Be2 {[%emt 0:02:16] Prevents Nh5.} e5 11. dxe6 {[%emt 0:00:26] [#]} Rxe6 $146 ({Predecessor:} 11... Bxe6 12. O-O Rd8 13. Bf3 Nc6 14. Nd5 Bxd5 15. cxd5 Ne5 16. Bxe5 dxe5 17. e4 Qb4 {½-½ (71) Ioffe,A-Hlusevich,S Yerevan 1983}) 12. O-O Nc6 13. Nb3 Qd8 14. Qd2 Qb6 15. Ra3 {[%emt 0:06:58] Black must now prevent a5.} Nb4 16. a5 Qc7 17. Rd1 Bf8 18. Na4 (18. Bg5 $14) 18... Ne4 $11 19. Qc1 g5 $1 $36 {[%emt 0:08:53][%mdl 2048] White is under pressure.} 20. Nb6 {[%emt 0:03:14] [#]} (20. Bg3 $11) 20... Rb8 (20... gxf4 $1 $17 21. Nxa8 Qe7) 21. Bg3 f5 {[%emt 0:01:04][%cal Of5f4] White should prevent ...f4!} 22. f3 (22. Bf3 $5 ) 22... Nxg3 23. hxg3 Qe7 24. Kf2 $2 {[%emt 0:03:24] [#] White does not recover from this.} (24. Bd3 $15 Qf7 25. Bb1) 24... f4 $1 $19 25. e4 (25. Na1 {was called for.}) 25... fxg3+ 26. Kxg3 g4 {[%emt 0:03:42] ...Bh6 is the strong threat.} ({And not} 26... Rh6 27. Nd5 (27. Kf2 $2 g4 $19) 27... Nxd5 28. Rxd5 $19) 27. Rh1 {[%emt 0:02:53] Inhibits Bh6.} gxf3 28. gxf3 Rg6+ ({Avoid the trap} 28... Qf6 $2 29. Nd5 Qe5+ 30. Kf2 $19) 29. Kf2 Qe5 {[%emt 0:00:23] Hoping for ...Qg3+. Chess con chili.} 30. Ke1 Qg3+ 31. Kd1 {[%emt 0:00:26] [#]} Qg1+ $3 {[%emt 0:00:16][%mdl 512] Weighted Error Value: White=0.39/Black=0.11 (very precise)} 0-1

[Event "39th Muensterland Open 2022"]
[Site "Muenster"]
[Date "2022.10.03"]
[Round "4.4"]
[White "Quinones-Maletti, Julio Guillermo"]
[Black "Ollenberger, Roland"]
[Result "1-0"]
[ECO "C96"]
[WhiteElo "2020"]
[BlackElo "2256"]
[Annotator "TA"]
[PlyCount "99"]
[EventDate "2022.10.01"]
[EventType "swiss"]
[EventCountry "GER"]
[SourceTitle "playchess.com"]
[Source "ChessBase"]
[SourceQuality "1"]
[TimeControl "40/5400+30:1800+30"]

1. e4 e5 2. Nf3 Nc6 3. Bb5 a6 4. Ba4 Nf6 5. O-O b5 6. Bb3 Be7 7. Re1 d6 8. c3 O-O 9. h3 Na5 10. Bc2 c5 11. d4 cxd4 12. cxd4 Nc6 13. d5 {[%emt 0:01:53] C96: Closed Ruy Lopez: Chigorin Defence: 11 d4, replies other than 11...Qc7.} (13. Be3 $14 {feels stronger.}) 13... Nb4 $11 14. Bb3 a5 $1 15. a3 {[%emt 0:00:16] The position is equal.} Na6 16. Nbd2 Nc5 17. Bc2 Bd7 18. Nf1 b4 {[%emt 0:12:01][%cal Ob4b3] [#]} 19. Nxe5 $146 ({Predecessor:} 19. Ng3 Qb6 20. Bg5 b3 21. Bd3 Nxd3 22. Qxd3 a4 23. Qe3 Qxe3 24. Bxe3 Rfc8 25. Red1 {0-1 (47) Ralik,O (1529)-Garban,M (2031) Topolcany 2020}) 19... dxe5 20. d6 Bc6 21. dxe7 Qxe7 22. axb4 axb4 23. Rxa8 Bxa8 24. Ng3 Rd8 25. Qf3 Ne6 {[%emt 0:07:45] Against Bg5} 26. Nf5 $1 Qc7 {[%emt 0:03:11] [#]} 27. Bb1 (27. Nxg7 $1 $16 Kxg7 28. Bh6+ Kg8 29. Qxf6 Qxc2 30. Qh4) 27... Nd4 (27... g6 $11) 28. Nxd4 $14 Rxd4 29. Bg5 Ne8 (29... Qe7 $14) 30. Rc1 $16 Rc4 31. Rxc4 $40 {[%emt 0:00:56][%mdl 128] White attacks with force.} Qxc4 {[%emt 0:00:04] [#]} 32. Qd3 $1 Qc6 33. Qd8 {[%emt 0:03:32] Ba2 is the strong threat.} h6 34. Be3 Kh7 {[%emt 0:00:18] [#]} 35. Qe7 ({White should try} 35. Qa5 $1) 35... Qa4 36. Kh2 {[%emt 0:05:12] White has more active pieces.} ({Much weaker is} 36. Qxe5 $6 Qd1+ 37. Kh2 Qxb1 $11) 36... Nf6 $2 {[%emt 0:00:49] A mistake that costs the game.} (36... f6 $16) 37. Qxe5 $18 {[%emt 0:01:10] And now Qf5+ would win.} Qd1 $2 (37... Qd7 38. f3 Bc6) 38. Qf5+ Kg8 39. e5 {[%emt 0:01:32] Qc8+ would kill now.} Nd7 40. e6 Qd6+ $2 (40... Nf6 41. Bd3 Qb3) 41. Bf4 {[%emt 0:30:41] A strong pair of Bishops.} Qxe6 42. Qh7+ Kf8 43. Qh8+ Ke7 44. Qxa8 g5 45. Bg3 {[%emt 0:00:00] aiming for Bc7.} h5 46. Bc7 f6 47. Qd8+ Kf7 48. Qh8 {[%emt 0:00:00] White wants to mate with Qh7+.} h4 49. Qh7+ Kf8 50. Bf5 {[%emt 0:00:00] Weighted Error Value: White=0.28 (precise) /Black=0.59} (50. Bg6 $142 Qe5+ 51. f4 Qxf4+ 52. Bxf4 Ne5 53. Bxe5 fxe5 54. Qf7#) 1-0

[Event "39th Muensterland Open 2022"]
[Site "Muenster"]
[Date "2022.10.03"]
[Round "4.5"]
[White "Sandkamp, Ralph"]
[Black "Bungarten, Jona"]
[Result "0-1"]
[ECO "A08"]
[WhiteElo "2241"]
[BlackElo "2010"]
[Annotator "TA"]
[PlyCount "104"]
[EventDate "2022.10.01"]
[EventType "swiss"]
[EventCountry "GER"]
[SourceTitle "playchess.com"]
[Source "ChessBase"]
[SourceQuality "1"]
[TimeControl "40/5400+30:1800+30"]

1. Nf3 {[%emt 0:00:03] Bulletin} d5 2. g3 Nf6 3. Bg2 c5 4. O-O b5 5. d4 c4 {[%emt 0:01:02] [#]} (5... e6 $11 {keeps the balance.}) 6. b3 $146 {[%emt 0:00:14] A08: King's Indian Attack.} ({Predecessor:} 6. Ne5 Bb7 7. a4 a6 8. axb5 axb5 9. Rxa8 Bxa8 10. b3 Nbd7 11. Bf4 e6 12. Nc3 Nxe5 13. dxe5 {1-0 (26) Baumgartner,H-Roth,P Lienz 1981 EXT 1998 [Bulletin]}) 6... Bb7 7. Ne5 Qb6 (7... cxb3 $142 8. axb3 Nbd7) 8. Nc3 {[%emt 0:03:17][%cal Oe2e4] White is clearly better.} cxb3 9. cxb3 (9. axb3 $16 {Threatens to win with Qd3.} e6 10. Qd3) 9... e6 $14 10. Qd3 b4 11. Na4 Qa5 12. Bd2 Nbd7 13. f4 (13. Nxd7 $142 Nxd7 14. Rfc1) 13... Ba6 (13... Nxe5 $16 {was necessary.} 14. fxe5 Ne4) 14. Qe3 $18 {[%emt 0:01:09] aiming for f5.} Qb5 15. Bf3 (15. f5 $142 {[%cal Oe5f7] Nxf7! is the strong threat.} Qxe2 16. Qxe2 Bxe2 17. Rfe1) 15... Bd6 (15... Be7 $16 {was worth a try.}) 16. f5 {[%emt 0:05:01][%cal Oe5f7] And now Nxf7! would win.} O-O 17. fxe6 fxe6 {[%emt 0:00:08] [#]} 18. Nc4 Bxg3 (18... Bc7 19. Qxe6+) 19. Qxe6+ Kh8 {[%emt 0:00:07] Strongly threatening ...Rae8.} 20. Nd6 {[%emt 0:06:22] Prevents Rae8.} (20. hxg3 $18 Rae8 21. Qf5 dxc4 22. Qxb5 Bxb5 23. Bxb4) 20... Bxd6 $11 21. Qxd6 Ne4 22. Qxb4 (22. Bxe4 $11 dxe4 23. Nc5 Qxe2 24. Nxa6) 22... Nxd2 $2 {[%emt 0:00:14] Black is more active.} (22... Qc6 $1 $17 {and life is bright.} 23. Bxe4 dxe4) 23. Qxd2 $16 Nf6 24. Qg5 Qb4 25. Rad1 Rae8 26. Nc5 (26. Rf2 $11) 26... Bxe2 $15 27. Bxe2 Rxe2 28. Qxd5 $2 Rfe8 $2 (28... Qb8 $19 29. Qh1 Rd8) 29. Qf3 Rxa2 (29... Qb8 30. Rf2 R2e3 31. Qf4 $11) 30. Rf2 {[%emt 0:01:48] Inhibits Ree2.} Re1+ 31. Rxe1 Qxe1+ 32. Kg2 $1 Ra1 33. Kh3 h5 (33... Qe8 $5 34. Ne4 Qe6+ 35. Qf5 Nxe4 36. Qxe6 Ng5+ 37. Kg2 Nxe6 $11) 34. Re2 Qg1 35. Ne6 Rc1 {[%emt 0:01:29][%cal Oc1c3] ( -> ...Rc3!)} 36. Rg2 Qe1 37. Qa8+ $2 (37. Re2 $11 {and White stays safe.} Rc3 38. Rxe1 Rxf3+ 39. Kh4) 37... Ng8 $19 {[%emt 0:00:07] The board is on fire.} 38. Qd5 (38. Qe8 {is a self mate.} Rc3+ 39. Rg3 Rxg3+ 40. Kh4 Rg4+ 41. Kxh5 Qh4#) 38... Rc3+ 39. Rg3 {[%emt 0:00:19] [#]} Qf1+ $2 ({Don't blunder} 39... Nf6 $2 40. Qa8+ Ng8 41. Qd5 $19) ({Better is} 39... Rxg3+ $1 $19 40. hxg3 Nf6 41. Qa8+ Kh7) 40. Kh4 $11 Qf6+ 41. Qg5 $2 (41. Kh3 $11 {and White is okay.} Qf1+ 42. Kh4 Qf6+ 43. Kh3 (43. Qg5 $2 Rxg3 44. Kxg3 Qxe6 $19) 43... Qf1+) 41... Rxg3 $19 42. hxg3 (42. Kxg3 $19 Qxe6 43. Qxh5+ Nh6 44. Kf4) 42... Qxe6 43. Qxh5+ Nh6 44. g4 Kg8 45. d5 (45. b4 $19) 45... Qe1+ {[%emt 0:00:00] Black mates.} 46. Kg5 Qe5+ 47. Kh4 Qxh5+ 48. gxh5 Nf7 49. Kg4 Nd6 50. b4 Kf7 51. Kg5 Ne4+ 52. Kf5 Nf6 {[%emt 0:00:00] What a bad dream for White.  Weighted Error Value: White=0.72/Black=0.37} (52... Ng3+ $142 53. Kg4 {[#]} Nxh5 $1 54. Kf5 Ke7 55. Ke5 Nf6 56. d6+ Kd7 57. Kd4 Kxd6 58. Kd3 Nd5 59. b5 Nc7 60. Ke3 Nxb5 61. Kf2 a5 62. Ke1 a4 63. Kd2 a3 64. Kc2 g5 65. Kc1 g4 66. Kd2 a2 67. Kd3 a1=Q 68. Ke4 Qe5+ 69. Kd3 g3 70. Kc4 Qc3+ 71. Kxb5 Qb3+ 72. Ka6 Kc6 73. Ka7 Qb7#) 0-1

[Event "39th Muensterland Open 2022"]
[Site "Muenster"]
[Date "2022.10.03"]
[Round "4.6"]
[White "Panjer, Sidney"]
[Black "Dordevic, Tom"]
[Result "1/2-1/2"]
[ECO "E05"]
[WhiteElo "2197"]
[BlackElo "1767"]
[Annotator "TA"]
[PlyCount "58"]
[EventDate "2022.10.01"]
[EventType "swiss"]
[EventCountry "GER"]
[SourceTitle "playchess.com"]
[Source "ChessBase"]
[SourceQuality "1"]
[TimeControl "40/5400+30:1800+30"]

1. Nf3 Nf6 2. c4 e6 3. g3 d5 4. Bg2 Be7 5. d4 O-O 6. O-O dxc4 7. Qc2 a6 8. a4 Bd7 9. Rd1 Bc6 10. Nc3 {[%emt 0:00:07][%mdl 1024] White has compensation. 10.Bg5 is the modern continuation.} Qc8 {[%emt 0:08:36] E05: Open Catalan: 5 Nf3 Be7.} (10... Bxf3 $11 11. Bxf3 Nc6) 11. e4 $14 Rd8 12. Ne5 {[%emt 0:05:17] [#]} b6 $146 ({Black should play} 12... Be8) ({Predecessor:} 12... Be8 13. Qe2 Nbd7 14. Nxc4 Nf8 15. Bg5 Rb8 16. a5 Nd5 17. Bxe7 Nxe7 18. d5 b5 19. axb6 cxb6 {1-0 (44) Li,X (2330)-Pratyusha,B (2265) Shaoxing 2019}) 13. d5 {[%emt 0:25:54] White is more active.} exd5 14. Nxc6 ({White should try} 14. Nxd5 $16 Bxd5 15. exd5) 14... Nxc6 $11 15. Nxd5 Nxd5 16. exd5 Ne5 17. Bf4 Bd6 18. Qc3 (18. Bxe5 $11 Bxe5 19. Re1) 18... Nd3 $15 19. Bxd6 cxd6 20. b3 b5 21. axb5 axb5 {[%emt 0:00:00] White must now prevent ...Qc5.} 22. Rxa8 Qxa8 23. bxc4 bxc4 24. Ra1 {[%emt 0:04:52] [#] Against Qa4} ({Don't blunder} 24. Qxc4 $2 Nb2 25. Qg4 Nxd1 26. Qxd1 Rb8 $19) 24... Qc8 25. Qd4 Qf5 26. f4 {[%emt 0:05:48] Black is slightly better.} Qc8 27. Bf1 h6 28. Bxd3 cxd3 29. Qxd3 Qc5+ {[%emt 0:00:00] Weighted Error Value: White=0.20 (precise) /Black=0.18 (very precise)} 1/2-1/2

[Event "39th Muensterland Open 2022"]
[Site "Muenster"]
[Date "2022.10.03"]
[Round "4.7"]
[White "Knudsen, Simon"]
[Black "Gasper, Joern"]
[Result "1-0"]
[ECO "C54"]
[WhiteElo "2250"]
[BlackElo "2057"]
[Annotator "TA"]
[PlyCount "115"]
[EventDate "2022.10.01"]
[EventType "swiss"]
[EventCountry "GER"]
[SourceTitle "playchess.com"]
[Source "ChessBase"]
[SourceQuality "1"]
[TimeControl "40/5400+30:1800+30"]

1. e4 e5 2. Nf3 Nc6 3. Bc4 Bc5 4. c3 Nf6 5. d4 exd4 6. e5 d5 7. Bb5 Ne4 8. cxd4 Bb6 9. Nc3 O-O 10. Be3 {[%emt 0:02:46] C54: Giuoco Piano: 4 c3 Nf6, main lines with 5 d4 and 5 d3.} Ne7 11. Bd3 f5 12. exf6 {[%emt 0:07:41] White has an edge.} Nxf6 13. Qc2 Nc6 14. Bb5 Ne7 15. O-O {[%emt 0:07:10] [#]} Bf5 $146 ({Predecessor:} 15... c6 16. Bd3 Bc7 17. Ne5 Be6 18. f4 Rc8 19. Rae1 c5 20. Qe2 c4 21. Bb1 Bf5 22. g4 Bxb1 23. Rxb1 Ba5 {0-1 (38) Faerber,D (2097)-Koelle,T (2274) Playchess.com INT 2021}) 16. Bd3 Qc8 17. a4 a5 18. Rfe1 Bxd3 19. Qxd3 c6 20. Bg5 Qf5 21. Qd2 Rae8 (21... Ng6 $5 ) 22. Re5 Qd7 23. Rae1 Bc7 24. R5e2 Ng6 25. h3 Rxe2 26. Rxe2 (26. Qxe2 $15 Re8 27. Qd3) 26... Nh5 $1 $19 {[%emt 0:00:00][%cal Of8f3] Threatens to win with ...Rxf3!} 27. Ne5 Qd6 (27... Bxe5 $19 28. dxe5 Nhf4 29. Bxf4 Nxf4) 28. g3 (28. Qc2 $1 $15) 28... Nxe5 $17 29. dxe5 Qe6 30. Kg2 h6 (30... Bxe5 $6 31. Qe3 h6 32. Qxe5 $11) 31. Be3 Qg6 (31... Qxe5 32. Bc5 Qg5 33. Qxg5 hxg5 34. Bxf8 Kxf8 35. Nb1 $16) 32. Qd4 Rf5 (32... Qf7 $1 $11) 33. Qg4 $14 Qe6 {[%emt 0:02:51] [#]} 34. f4 ({White should play} 34. Bxh6 $1 $16 {f4 is the strong threat.} d4 35. Ne4 Rxe5 36. Bd2) 34... g6 $1 $11 35. Qh4 Rf7 36. Rf2 Ng7 $1 {[%emt 0:00:52] And now ...Nf5 would win.} 37. g4 {[%emt 0:00:40] Against Nf5} (37. Qxh6 $2 Nf5 38. Qg5 Nxe3+ $19) 37... h5 (37... g5 $1 $15 38. fxg5 (38. Qg3 $2 gxf4 39. Bxf4 Nh5 $19) 38... Qxe5 39. gxh6 Ne6 40. Rxf7 Kxf7 41. Qf2+ (41. h7 Qxe3 42. h8=Q Nf4+ 43. Kf1 Qd3+ 44. Ke1 Ng2+ 45. Kf2 Nxh4 $17) 41... Ke8) 38. Ne2 d4 39. Nxd4 Qd5+ 40. Nf3 (40. Rf3 $11 {keeps the balance.}) 40... Bd8 {[%emt 0:00:52][%mdl 1024] Black has strong compensation.} 41. Qg3 (41. Rd2 $17 Qxf3+ 42. Kxf3 Bxh4 43. Ke4) 41... h4 $1 $19 42. Qh2 Qe4 $1 43. Rd2 Ne6 (43... Bg5 $142 $1 44. Qg1 Bxf4 45. Rd8+ Kh7 46. Bxf4 Ne6) 44. Qg1 $17 {[%emt 0:04:46] [#]} (44. Kf2 $2 Bb6 $1 45. Bxb6 Rxf4 46. Qxf4 Nxf4 47. Rd8+ Kg7 48. Rd7+ Kg8 49. Rd8+ Kg7 50. Rd7+ Kf8 51. Rd8+ Kg7 $19) 44... Be7 $1 {[%emt 0:03:06] Inhibits Rd6.} (44... Bb6 $6 45. Bxb6 Nxf4+ 46. Kh2 $11) 45. Qf2 Nxf4+ (45... Bb4 $17 46. Rd1 b6) 46. Bxf4 $11 Qxf4 (46... Rxf4 $11 47. Rd4 Qxd4 48. Qxd4 (48. Nxd4 $2 Rxf2+ 49. Kxf2 Bc5 $19) 48... Rxd4 49. Nxd4 Kf7) 47. Rd4 $1 $14 Qc1 48. Qd2 (48. e6 $5 Rf8 49. Qe2 $16 (49. Rd7 Bc5 $14)) 48... Qc5 (48... Qxd2+ $1 $11 49. Rxd2 Rf4) 49. Qd3 Kg7 50. Rd7 $36 {[%emt 0:00:55][%mdl 2048] White is pushing.} Qb4 (50... b5 $1 $14) 51. Qd4 {[%emt 0:01:24] Really sharp! White is more active.} ({White should try} 51. e6 $16 Rf6 52. Qe2) 51... Qxd4 $4 ({Better is} 51... Bc5 $14 52. Qxb4 Bxb4) 52. Nxd4 {[%emt 0:00:02][%mdl 4096] Endgame KRB-KRN} (52. Rxd4 Bc5 53. Re4 Be7 $14) 52... Bf8 53. Ne6+ (53. e6 Re7 $16) 53... Kg8 54. Rd8 b5 55. b3 ({Less strong is} 55. Nxf8 Rxf8 56. Rd6 Kf7 $11) 55... bxa4 56. bxa4 (56. Nxf8 $2 Rxf8 57. Rd3 (57. Rxf8+ $2 Kxf8 58. bxa4 Ke7 $19) 57... a3 $19) 56... c5 57. Nxc5 {[%emt 0:02:30] aiming for Ne6.} ({Not} 57. Nxf8 Rxf8 58. Rd6 Rc8 $11) 57... Rc7 {[%emt 0:00:50] [#]} 58. Rxf8+ $1 {[%emt 0:00:00][%mdl 512] A wild game.  Weighted Error Value: White=0.23 (precise) /Black=0.45} 1-0

[Event "39th Muensterland Open 2022"]
[Site "Muenster"]
[Date "2022.10.03"]
[Round "4.8"]
[White "Bentel, Robin"]
[Black "Klaska, Philipp Leon"]
[Result "1/2-1/2"]
[ECO "A58"]
[WhiteElo "2247"]
[BlackElo "1972"]
[Annotator "TA"]
[PlyCount "60"]
[EventDate "2022.10.01"]
[EventType "swiss"]
[EventCountry "GER"]
[SourceTitle "playchess.com"]
[Source "ChessBase"]
[SourceQuality "1"]
[TimeControl "40/5400+30:1800+30"]

1. d4 Nf6 2. c4 c5 3. d5 b5 4. cxb5 a6 5. bxa6 d6 6. Nc3 g6 7. e4 Bg7 8. a7 {[%emt 0:01:58] A58: Benko/Volga Gambit: Lines with 5 bxa6.} Rxa7 9. Nf3 O-O 10. Be2 {[%emt 0:00:26] White is slightly better.} Ba6 11. O-O Nbd7 12. Re1 {[%emt 0:08:10] [#]} Ng4 $146 (12... Qa8 $14) ({Predecessor:} 12... Qa8 13. h3 Rb8 14. Bxa6 Rxa6 15. Qc2 Ne8 16. Bg5 Kf8 17. b3 Nc7 18. a4 Rab6 {½-½ (54) Jojua,D (2590)-Milanovic,D (2500) Ruma 2017}) 13. h3 ({White should try} 13. Nb5 $16 Ra8 14. a4) 13... Nge5 $14 14. Nxe5 Bxe5 (14... Nxe5 $14 15. Nb5 Rb7) 15. a4 Bxe2 16. Qxe2 Qa8 17. Qc2 (17. Bg5 $14) 17... Rb8 $11 18. Ra3 Bxc3 19. Qxc3 (19. bxc3 $142 Nb6 20. Bh6) 19... Rxa4 20. Bh6 {[%emt 0:00:09][%csl Gh6][%cal Rc3g7] [#]} f6 21. Rea1 $1 Rxa3 22. Rxa3 Qb7 23. h4 Ne5 (23... Qxb2 $2 24. Qxb2 Rxb2 25. Ra7 $18) 24. Qh3 ({Better is} 24. f3 $15) 24... Qc8 (24... Qxb2 $17 {Threatens to win with ...Nf7.} 25. Qe6+ Nf7) 25. Rb3 $36 {[%emt 0:06:27][%mdl 2048] White has the initiative. The position is equal.} Ra8 {[%emt 0:02:25] White must now prevent ...Ng4.} 26. Qxc8+ Rxc8 27. Rb7 Kf7 28. Bf4 h5 29. Bxe5 fxe5 30. f3 Ra8 {[%emt 0:00:30] Weighted Error Value: White=0.16 (very precise) /Black=0.15 (very precise)} 1/2-1/2